 Dungeon Crawl Stone Soup version 0.28.0-47-ge53b351184 (webtiles) character file.

Game seed: 13860277892637129739

35 CryoSword the Digger (level 3, -1/19 HPs)
             Began as a Gargoyle Earth Elementalist on May 3, 2022.
             Slain by Jessica
             ... wielding a +0 dagger
              (6 damage)
             ... on level 3 of the Dungeon.
             The game lasted 00:02:56 (1305 turns).

CryoSword the Digger (Gargoyle Earth Elementalist)  Turns: 1305, Time: 00:02:56

Health: -1/19      AC:  5    Str: 11    XL:     3   Next: 35%
Magic:  2/6        EV: 11    Int: 17    God:
Gold:   22         SH:  0    Dex: 10    Spells: 5/6 levels left

rFire   . . .      SeeInvis .   d - +0 spear
rCold   . . .      Faith    .   (no shield)
rNeg    + . .      Spirit   .   b - +0 robe
rPois   ∞          Reflect  .   (no helmet)
rElec   +          Harm     .   (no cloak)
rCorr   .          Rampage  .   (no gloves)
Will    .....                   (no boots)
Stlth   ++........              (no amulet)
HPRegen 0.06/turn               (no ring)
MPRegen 0.10/turn               (no ring)

@: no status effects
A: sickness immunity, AC +3, negative energy resistance 1, electricity
resistance, torment resistance 1, petrification resistance
a: no special abilities


You were on level 3 of the Dungeon.
You visited 1 branch of the dungeon, and saw 3 of its levels.

You collected 22 gold pieces.

Inventory:

Hand Weapons
 d - a +0 spear (weapon)
   (You found it on level 1 of the Dungeon)
Missiles
 c - 73 stones
Armour
 b - a +0 robe (worn)
Wands
 f - a wand of iceblast (2)
   (You found it on level 3 of the Dungeon)
Scrolls
 a - a scroll of teleportation {unknown}


   Skills:
 - Level 1.5 Dodging
 - Level 2.1 Stealth
 - Level 2.0 Spellcasting
 + Level 2.1 Conjurations
 - Level 0.7 Transmutations
 + Level 4.5 Earth Magic


You had 5 spell levels left.
You knew the following spells:

 Your Spells              Type           Power      Damage    Failure   Level
a - Sandblast             Erth           34%        2d9       3%          1

Your spell library contained the following spells:

 Spells                   Type           Power      Damage    Failure   Level
 Passwall                 Tmut/Erth      8%         N/A       10%         2
 Stone Arrow              Conj/Erth      26%        3d8       14%         3
 Petrify                  Tmut/Erth      10%        N/A       54%         4


Dungeon Overview and Level Annotations

Branches:
Dungeon (3/15)

Altars:
Fedhas

Shops:
D:1 (

Annotations:
D:3 Jessica


Innate Abilities, Weirdness & Mutations

You are immune to sickness and miasma.
Your stone body is resilient. (AC +3)
You are immune to poison.
You resist negative energy. (rN+)
You are resistant to electric shocks. (rElec)
You are resistant to unholy torment.
You are immune to petrification.


Message History

The blast of sand misses the orc.
The bat misses you. The bat barely misses you.
Aim: an orc, wielding a +0 trident (79% to hit)
The blast of sand hits the bat.
You kill the bat!
The orc barely misses you.
Aim: an orc, wielding a +0 trident (79% to hit)
The blast of sand hits the orc!
You kill the orc!
The orc hits you from afar with a +0 trident!
An orc wizard comes into view. It is wielding a +0 dagger.
The orc wizard shouts!
Okay, then.
Okay, then.
Aim: an orc, wielding a +0 trident (79% to hit)
The blast of sand hits the orc!
You kill the orc!
The orc wizard casts a spell at you.
You are confused.
You see here a +0 trident.
You bump into the rock wall.
You hit the orc wizard.
An orc comes into view. It is wielding a +0 flail.
The orc wizard hits you but does no damage.
The orc hits you from afar with a +0 halberd.
* * * LOW HITPOINT WARNING * * *
The orc wizard gestures at you while chanting.
You are more confused.
It was a potion of curing.
You feel better.
The orc wizard gestures at you while chanting.
You resist with significant effort.
An orc comes into view. It is wielding a +0 hand axe.
Found a stone staircase leading up.
The orc shouts!
You hear a shout!
The orc wizard mumbles some strange words.
The orc wizard flickers and vanishes!
Deactivating autopickup; reactivate with Ctrl-A.
Found a +0 club.
Found a scroll labelled BAOXO FAMUWNOS.
A bat comes into view.
A puff of flame appears from out of thin air!
The puff of flame hits you. The bat hits you.
Found 26 sling bullets.
The bat hits you but does no damage.
Aim: an orc, wielding a +0 halberd and wearing a +0 scale mail (82% to hit)
The blast of sand hits the orc but does no damage.
The bat hits you but does no damage. x2; The orc barely misses you.
Aim: an orc, wielding a +0 halberd and wearing a +0 scale mail (82% to hit)
The blast of sand hits the orc but does no damage.
The bat closely misses you. The orc misses you.
Aim: an orc, wielding a +0 halberd and wearing a +0 scale mail (82% to hit)
The blast of sand hits the orc but does no damage.
The bat misses you. The bat closely misses you. The orc misses you.
Aim: an orc, wielding a +0 halberd and wearing a +0 scale mail (82% to hit)
The blast of sand hits the orc.
The bat hits you but does no damage. x2
The orc closely misses you.
Found a blossoming altar of Fedhas.
The bat barely misses you. The bat hits you but does no damage.
The bat barely misses you.
Found a jewelled wooden wand.
The bat hits you but does no damage.
The orc throws a boomerang.
The boomerang hits you.
* * * LOW HITPOINT WARNING * * *
The bat closely misses you.
The orc throws a boomerang.
The boomerang completely misses you. The bat barely misses you.
The bat barely misses you. The bat hits you but does no damage.
The bat hits you but does no damage.
Aim: an orc, wielding a +0 halberd and wearing a +0 scale mail (lightly wounded, 82% to hit)
The blast of sand hits the bat.
You kill the bat!
The orc hits you but does no damage.
You see here a wand of iceblast (2).
f - a wand of iceblast (2)
You are confused.
You feel better.
Something tries to affect you, but you resist.
An orc wizard appears from thin air!
Reactivating autopickup.
The orc wizard casts a spell.
The orc wizard flickers and vanishes!
Deactivating autopickup; reactivate with Ctrl-A.
The orc throws a boomerang.
The boomerang closely misses you.
A ball python comes into view.
The ball python hisses angrily.
Found a stone staircase leading up.
A hobgoblin comes into view.
An adder comes into view.
The ball python bites you but does no damage.
The ball python barely misses you.
The hobgoblin shouts!
You hear an angry hiss.
You hear a shout!
A frilled lizard comes into view.
Found a stone staircase leading down.
The adder bites you.
The ball python barely misses you. x2; The hobgoblin misses you.
The adder barely misses you.
A quokka comes into view.
The hobgoblin hits you but does no damage.
The adder barely misses you. The ball python bites you.
The ball python grabs you. The ball python constricts you.
Unknown command.
You escape the ball python's grasp.
A quokka comes into view.
Found a scroll labelled ARAIKO ROTZO.
The frilled lizard bites you.
There is a stone staircase leading up here.
Jessica the Apprentice Sorceress comes into view.
She is wielding a +0 dagger.
Jessica shouts!
The adder misses you.
Jessica gestures wildly while chanting.
Jessica blinks!
The adder bites you but does no damage.
A kobold comes into view.
It is wielding a +0 short sword of venom and quivering poisoned darts.
The quokka closely misses you.
Jessica casts a spell.
Jessica blinks!
The quokka bites you but does no damage.
The frilled lizard misses you.
A goblin comes into view. It is wielding a +0 club.
The quokka closely misses you.
The quokka bites you but does no damage.
Unknown command.
The adder barely misses you. The quokka closely misses you.
The adder bites you but does no damage.
The quokka bites you but does no damage.
The frilled lizard bites you but does no damage.
The quokka bites you. The adder bites you.
An orc and a bat come into view.
Aim: an adder (66% to hit)
The blast of sand hits the adder.
The adder closely misses you.
Aim: an adder (moderately wounded, 66% to hit)
The blast of sand misses the adder.
The blast of sand hits the quokka.
The orc shouts!
The bat closely misses you. The adder bites you but does no damage.
The adder misses you.
Found a pair of runed gloves.
The bat closely misses you. The bat closely misses you.
The bat hits you but does no damage. The bat barely misses you.
Something hits you but does no damage. Jessica gestures at you while chanting.
Something writhes in agony!
The bat hits you. x2; Something hits you but does no damage.
Jessica hits you with a +0 dagger.
* * * LOW HITPOINT WARNING * * *
The orc hits you but does no damage.
Jessica gestures wildly while chanting.
Jessica seems to speed up.
The orc barely misses you. The bat hits you but does no damage.
Jessica misses you.
There is a stone staircase leading up here.
The bat closely misses you. The orc hits you with a +0 flail.
* * * LOW HITPOINT WARNING * * *
Jessica hits you with a +0 dagger.
You die...

#####...#.##.##...# #...
..................# #....
.............##...##.....
..........##g##...#......
##....... #.g.....#......
# ..... #....ro........ #
.... #..So.rl.......
####### #....b@o.......
#...## #....S@.##.....
.....## #..............
......# #......#.......
......# ###......#.......
.....(###................
.....#..................
.o.......######.#.#...K.
...####### .........?
≈.## ......>.


You could see an adder, Jessica (fast), 3 orcs, 2 quokkas, a hobgoblin, a
goblin, a bat, a ball python, a kobold (wandering) and a frilled lizard.

Vanquished Creatures
  2 orcs (D:3)
  3 ball pythons
  5 bats
  2 giant cockroaches
  4 goblins
  4 hobgoblins
  2 kobolds
  2 quokkas
  3 frilled lizards
  3 rats
30 creatures vanquished.

Notes
Turn   | Place    | Note
-------+----------+-------------------------------------------
     0 | D:1      | CryoSword the Gargoyle Earth Elementalist began the quest
                  | for the Orb.
     0 | D:1      | Reached XP level 1. HP: 10/10 MP: 3/3
   322 | D:1      | Reached skill level 1 in Conjurations
   323 | D:1      | Reached skill level 4 in Earth Magic
   323 | D:1      | Reached XP level 2. HP: 10/15 MP: 0/5
   763 | D:1      | Found Goinwior's Antique Weapon Emporium.
  1088 | D:2      | Found a faded altar of an unknown god.
  1100 | D:2      | Reached XP level 3. HP: 19/19 MP: 6/6
  1182 | D:2      | You fall into a shaft and drop 1 floor!
  1251 | D:3      | Found a blossoming altar of Fedhas.
  1285 | D:3      | Noticed Jessica
  1305 | D:3      | Slain by Jessica

Illustrated notes

Levels and vault maps discovered:
D:1:      dpeg_arrival_three_same_balls, layout_basic, serial_shops,
          nicolae_shop_competitors_out_of_business
D:2:      layout_basic, hellmonk_ecumenical_altar_heavens_door,
          kennysheep_generic_room_14
D:3:      layout_rooms, fedhas_altar_2, uniq_jessica

Skill      XL: |  1  2  3 |
---------------+----------+-----
Conjurations   | 1 2 |  2.1
Earth Magic    | 4 |  4.5
Dodging        | |  1.5
Stealth        | |  2.1
Spellcasting   | |  2.0
Transmutations | |  0.7

Action                   || total
-------------------------++-------
Melee: Spear             ||    58
 Cast: Sandblast         ||    22
  Use: Potion            ||     2
 Stab: Sleeping          ||     8
Armor: Robe              ||    47
Dodge: Dodged            ||    75
